 Dungeon Crawl Stone Soup version 0.30-a0-458-g86641cc369 (webtiles) character file.

Game seed: 14457038873746081467

18029 Ijustatesigmund the Fighter (level 12, -2/96 HPs)
             Began as a Djinni Fire Elementalist on Dec 14, 2022.
             Was an Elder of Cheibriados.
             Engulfed by a cloud of freezing vapour (25 damage)
             ... on level 11 of the Dungeon.
             The game lasted 00:41:48 (12398 turns).

Ijustatesigmund the Fighter (DjFE)                 Turns: 12398, Time: 00:41:48

Health: -2/96      AC:  6    Str: 17    XL:     12   Next: 90%
Gold:   719        EV: 16    Int: 31    God:    Cheibriados [****..] SH:  5 Dex: 25

rFire   + + .      SeeInvis .    u - +4 dagger "Esoc" {flame, rC+}
rCold   . . .      Faith    .    (no shield)
rNeg    . . .      Spirit   .    k - +2 robe of Diasayka {Will+ Regen+}
rPois   ∞          Reflect  +    c - +2 hood of the Assassin {Detection Stab+ Stlth++}
rElec   .          Harm     .    (no cloak)
rCorr   .          Rampage  .    (no gloves)
Will    ++...                    (boots unavailable)
Stlth   ++++......               i - amulet of reflection
HPRegen 1.16/turn                (no ring)
MPRegen 0.00/turn                (no ring)

@: flying, very slow
A: sickness immunity, fire resistance 2, cold vulnerability 1, float, innate
caster, HP casting, extra vitality 1
a: Renounce Religion, Bend Time, Temporal Distortion, Slouch


You were on level 11 of the Dungeon.
You worshipped Cheibriados.
Cheibriados was greatly pleased with you.
You visited 1 branch of the dungeon, and saw 11 of its levels.

You collected 729 gold pieces.
You spent 10 gold pieces at shops.

Inventory:

Hand Weapons
 b - a +5 dagger of venom
 o - a +1 vampiric short sword
 r - a +3 scimitar of flaming
 u - the +4 dagger "Esoc" (weapon) {flame, rC+}
   (You took it off a kobold brigand on level 6 of the Dungeon)

   It burns those it strikes, dealing additional fire damage.
   rC:        It protects you from cold.
Missiles
 v - a throwing net
Armour
 a - a +2 robe of cold resistance
 c - the +2 hood of the Assassin (worn) {Detection Stab+ Stlth++}
   (You found it on level 10 of the Dungeon)

   It allows the wearer to sense nearby creatures.
   It allows the wearer to make particularly effective stabbing attacks against
   helpless or unaware enemies with any weapon.
   Stlth:     It makes you much more stealthy.
 k - the +2 robe of Diasayka (worn) {Will+ Regen+}
   (You took it off a gnoll on level 5 of the Dungeon)

   Regen:     It increases your rate of health regeneration.
   Will:      It increases your willpower.
 n - +0 steam dragon scales
 D - a +3 chain mail of willpower
Jewellery
 i - an amulet of reflection (around neck)
Wands
 m - a wand of flame (31)
 x - a wand of iceblast (3)
 y - a wand of polymorph (8)
Scrolls
 l - a scroll of enchant weapon
 p - a scroll of fear
 q - 2 scrolls of immolation
 s - 5 scrolls of teleportation
 w - 2 scrolls of enchant armour
 A - a scroll of poison
Potions
 d - 6 potions of curing
 e - 3 potions of heal wounds
 f - a potion of cancellation {unknown}
 g - 2 potions of brilliance
 h - 2 potions of mutation
 j - 2 potions of might
 t - a potion of lignification
 z - 2 potions of berserk rage
 B - a potion of attraction
Miscellaneous
 C - a phial of floods


   Skills:
 + Level 12.7 Fighting
 - Level 7.2 Short Blades
 + Level 2.5 Armour
 - Level 5.0 Dodging
 - Level 1.5 Stealth
 + Level 10.3 Spellcasting


You had 3 spell levels left.
You knew the following spells:

 Your Spells              Type           Power      Damage    Failure   Level
a - Foxfire               Conj/Fire      100%       2x1d9     1%          1
b - Scorch                Fire           100%       2d10      1%          2
c - Kindle Blastsparks    Fire/Tloc/Air  100%       2d18      1%          3
d - Inner Flame           Hex/Fire       68%        N/A       1%          3
e - Flame Wave            Conj/Fire      68%        2d15      1%          4
f - Beastly Appendage     Tmut           100%       N/A       1%          1
g - Blink                 Tloc           100%       N/A       1%          2
h - Teleport Other        Tloc           68%        N/A       1%          3
i - Sticky Flame          Conj/Fire      68%        2d8       1%          4
j - Freezing Cloud        Conj/Ice/Air   34%        6-21      1%          5
Your spell library was empty.

Dungeon Overview and Level Annotations

Branches:
Dungeon (11/15)            Temple (0/1) D:6            Lair (0/5) D:8
    Orc (0/2) D:10

Altars:
Cheibriados
Fedhas
Makhleb
Nemelex Xobeh
Okawaru
Qazlal
Trog
Yredelemnul
Zin
The Shining One
Jiyva

Shops:
D:1 !

Annotations:
D:8 4 transporters, semem's ghost, novice DrTm


Innate Abilities, Weirdness & Mutations

You are immune to sickness and miasma.
You are immune to poison.
Your flesh is very heat resistant. (rF++)
You are vulnerable to cold. (rC-)
You float through the air rather than walking.
You learn spells naturally, not from books.
Your magical power is your life essence.
You have superior vitality. (+4 MHP)


Message History

You hear two shouts!
The boulder beetle bites you!
Casting: Flame Wave (mildly dangerous; 1% risk of failure)
Confirm with . or Enter, or press ? or * to list all spells.
Aiming: Sticky Flame (mildly dangerous; 1% risk of failure)
Press: ? - help, Shift-Dir - straight line, f - boulder beetle
Aim: a boulder beetle (almost dead)
The sticky flame hits the boulder beetle but does no damage.
The boulder beetle is almost dead.
The boulder beetle is covered in liquid flames!
The boulder beetle burns!
The boulder beetle leaps!
Casting: Sticky Flame (mildly dangerous; 1% risk of failure)
Confirm with . or Enter, or press ? or * to list all spells.
A cloud of volatile blastsparks flares up around you!
The boulder beetle burns!
You kill the boulder beetle!
Cheibriados appreciates the change of pace.
You start resting.
A two-headed ogre comes into view. It is wielding two +0 giant clubs.
Casting: Kindle Blastsparks (safe; 1% risk of failure)
Confirm with . or Enter, or press ? or * to list all spells.
Aiming: Freezing Cloud (dangerous; 1% risk of failure)
Press: ? - help, Dir - move target
Casting: Freezing Cloud (dangerous; 1% risk of failure)
Confirm with . or Enter, or press ? or * to list all spells.
Aiming: Freezing Cloud (dangerous; 1% risk of failure)
Press: ? - help, Dir - move target, f - two-headed ogre
Aim: a two-headed ogre, wielding two +0 giant clubs The two-headed ogre is engulfed in freezing vapours.
The two-headed ogre is engulfed in freezing vapours. x2
The two-headed ogre hits you with a +0 giant club!!
* * * LOW HITPOINT WARNING * * *
The two-headed ogre closely misses you.
Unknown command.
Casting: Freezing Cloud (dangerous; 1% risk of failure)
Confirm with . or Enter, or press ? or * to list all spells.
You blink.
* * * LOW HITPOINT WARNING * * *
You are engulfed in freezing vapours.
You die...

.#.........)........#
#..................#
#......###########.#
#......# #.# +......#
#.# #......# #.#
#......# #.##
........###########§.#
...............§@§...#
....§§§§§§..#
....§§§§§...#
....§○§.§O.§#
.........§..#
######.§....# #..○...#
#......# #.......


You could see a two-headed ogre.

Vanquished Creatures
  A centaur warrior (D:9)
  3 two-headed ogres
  Erica (D:9)
  A boulder beetle (D:11)
  A wizard (D:10)
  An ice statue (D:10)
  Psyche (D:9)
  Maggie (D:8)
  4 trolls
  A hornet (D:9)
  Prince Ribbit (D:6)
  Sigmund (D:4)
  2 shadows (D:9)
  2 wraiths
  A vampire (D:11)
  4 wyverns
  26 yaks
  A vampire mosquito (D:9)
  A water moccasin (D:6)
  2 acid dragons
  4 ice beasts
  11 orc warriors
  2 black bears (D:5)
  5 centaurs
  7 ogres
  5 phantoms
  6 bullfrogs
  6 kobold brigands
  A necrophage (D:6)
  3 gnoll sergeants (D:10)
  3 scorpions
  5 wights (D:7)
  9 killer bees
  3 howler monkeys
  8 electric eels (D:10)
  A crimson imp (D:10)
  4 hounds
  A gnoll bouda (D:6)
  5 orc priests
  A jelly (D:4)
  3 iguanas
  12 orc wizards
  20 gnolls
  6 adders
  A white imp (D:5)
  An ufetubus (D:6)
  3 worms
  4 dart slugs
  24 orcs
  6 ball pythons
  8 bats
  6 endoplasms
  5 giant cockroaches
  12 goblins
  5 hobgoblins
  17 kobolds
  3 quokkas
  4 frilled lizards
  2 rats
288 creatures vanquished.

Vanquished Creatures (others)
  436 foxfires
436 creatures vanquished.

Grand Total: 724 creatures vanquished

Notes
Turn   | Place    | Note
-------+----------+-------------------------------------------
     0 | D:1      | Ijustatesigmund the Djinni Fire Elementalist began the
                  | quest for the Orb.
     0 | D:1      | Ijustatesigmund set off with the following spells
                  | memorised: Foxfire, Scorch, Kindle Blastsparks, Inner
                  | Flame, Flame Wave.
     0 | D:1      | Reached XP level 1. HP: 15/15 MP: 0/0
   112 | D:1      | Reached skill level 1 in Fighting
   112 | D:1      | Reached XP level 2. HP: 19/22 MP: 0/0
   376 | D:1      | Reached XP level 3. HP: 26/27 MP: 0/0
   376 | D:1      | Learned a level 1 spell: Beastly Appendage
   587 | D:1      | Found Juesho Baohu's Distillery.
   593 | D:1      | Bought a potion of degeneration for 10 gold pieces
   992 | D:2      | Reached skill level 2 in Fighting
  1089 | D:2      | Reached XP level 4. HP: 24/33 MP: 0/0
  1647 | D:3      | Reached XP level 5. HP: 37/40 MP: 0/0
  1647 | D:3      | Learned a level 2 spell: Blink
  1668 | D:3      | Reached skill level 3 in Fighting
  2292 | D:4      | Reached XP level 6. HP: 45/46 MP: 0/0
  2466 | D:4      | Reached skill level 4 in Fighting
  2760 | D:4      | Reached XP level 7. HP: 45/53 MP: 0/0
  2760 | D:4      | Learned a level 3 spell: Teleport Other
  2894 | D:4      | Noticed Sigmund
  2906 | D:4      | Killed Sigmund
  2907 | D:4      | Reached skill level 5 in Fighting
  3464 | D:5      | Entered Level 5 of the Dungeon
  3592 | D:5      | Reached skill level 5 in Spellcasting
  3592 | D:5      | Reached XP level 8. HP: 57/60 MP: 0/0
  3681 | D:5      | Reached skill level 6 in Fighting
  3685 | D:5      | Found a bloodstained altar of Trog.
  3708 | D:5      | Identified the +2 robe of Diasayka {Will+ Regen+}
  3963 | D:5      | Reached skill level 7 in Fighting
  4205 | D:6      | Reached XP level 9. HP: 53/68 MP: 0/0
  4205 | D:6      | Learned a level 4 spell: Sticky Flame
  4702 | D:6      | Noticed Prince Ribbit
  4704 | D:6      | Reached skill level 8 in Fighting
  4715 | D:6      | Killed Prince Ribbit
  4996 | D:6      | Found a staircase to the Ecumenical Temple.
  5087 | D:6      | Identified the +4 dagger "Esoc" {flame, rC+}
  5407 | D:6      | Reached skill level 1 in Short Blades
  5673 | D:7      | Reached skill level 9 in Fighting
  5673 | D:7      | Reached XP level 10. HP: 65/78 MP: 0/0
  6177 | D:7      | Found an iron altar of Okawaru.
  6727 | D:7      | Found a glowing silver altar of Zin.
  7328 | D:7      | Found a blossoming altar of Fedhas.
  7328 | D:7      | Found a snail-covered altar of Cheibriados.
  7332 | D:7      | Became a worshipper of Cheibriados the Contemplative
  7564 | D:8      | Noticed Maggie
  7575 | D:8      | Killed Maggie
  7576 | D:8      | Reached skill level 10 in Fighting
  8019 | D:8      | Reached * piety under Cheibriados
  8246 | D:8      | Found a transporter.
  8527 | D:8      | Found a staircase to the Lair.
  8644 | D:8      | Found a viscous altar of Jiyva.
  8645 | D:8      | Found a transporter.
  8690 | D:8      | Found a bloodstained altar of Trog.
  8690 | D:8      | Noticed semem's ghost (novice DrTm)
  8696 | D:8      | Found a transporter.
  8704 | D:8      | Noticed a moth of wrath
  8712 | D:8      | Found a transporter.
  8856 | D:9      | Noticed a centaur warrior
  8860 | D:9      | Reached XP level 11. HP: 64/85 MP: 0/0
  8860 | D:9      | Learned a level 5 spell: Freezing Cloud
  8863 | D:9      | Killed a centaur warrior
  8864 | D:9      | Reached skill level 5 in Short Blades
  9348 | D:9      | Found a sparkling altar of Nemelex Xobeh.
  9451 | D:9      | Noticed a two-headed ogre
  9534 | D:9      | Reached skill level 11 in Fighting
  9561 | D:9      | Reached ** piety under Cheibriados
  9674 | D:9      | Killed a two-headed ogre
  9719 | D:10     | Entered Level 10 of the Dungeon
  9885 | D:9      | Found a stormy altar of Qazlal.
  9899 | D:9      | Noticed Erica
  9920 | D:9      | Killed Erica
 10291 | D:9      | Noticed Psyche
 10300 | D:9      | Killed Psyche
 10301 | D:9      | Reached XP level 12. HP: 82/94 MP: 0/0
 10572 | D:10     | Found a glowing golden altar of the Shining One.
 10574 | D:10     | Noticed an angel
 10596 | D:10     | Found a burning altar of Makhleb.
 10649 | D:10     | Found a basalt altar of Yredelemnul.
 10693 | D:10     | Reached *** piety under Cheibriados
 10758 | D:10     | Found the +2 hood of the Assassin {Detection Stab+ Stlth++}
 10861 | D:10     | Noticed a two-headed ogre
 10873 | D:10     | Killed a two-headed ogre
 10874 | D:10     | Reached skill level 12 in Fighting
 11335 | D:10     | Reached skill level 10 in Spellcasting
 11499 | D:10     | Reached **** piety under Cheibriados
 11705 | D:10     | Found a staircase to the Orcish Mines.
 11714 | D:10     | Reached skill level 5 in Dodging
 12115 | D:10     | Reached skill level 1 in Armour
 12246 | D:11     | Noticed a two-headed ogre
 12253 | D:11     | Killed a two-headed ogre
 12358 | D:11     | Noticed a boulder beetle
 12386 | D:11     | Killed a boulder beetle
 12392 | D:11     | Noticed a two-headed ogre
 12398 | D:11     | Engulfed by a cloud of freezing vapour

Illustrated notes

Levels and vault maps discovered:
D:1:      amcnicky_arrival_wind_blow, layout_basic, serial_shops,
          nicolae_shop_stone, serial_park_tiny_pond,
          wad_floor_pattern_untrapped, serial_park_tiny_2
D:2:      layout_basic
D:3:      layout_rooms
D:4:      layout_loops_corners, uniq_sigmund
D:5:      layout_basic, trog_ov_bears_minmay
D:6:      layout_cave_pools, kennysheep_orc_sif_temple,
          minmay_temple_entry_trees, uniq_prince_ribbit1
D:7:      layout_loops_ring, mainiacjoe_overflow_24_doors,
          mainiacjoe_overflow_surrounded_room, gammafunk_temple_overflow_wave,
          st_stairs_10, hellmonk_bongcloud_opening
D:8:      gammafunk_jiyva_shrine, layout_loops_ring, lair_entry_dummy,
          gammafunk_ghost_wrathful_warriors, uniq_maggie
D:9:      minmay_diamond_stairs, layout_basic,
          mainiacjoe_overflow_concentric_impassable, lemuel_crystal_altar,
          roderic_roman_lattice, corexii_leaking_fountain, onia_ninara_cookie,
          uniq_erica, uniq_psyche
D:10:     layout_basic, grunt_temple_overflow_holy_war, kennysheep_mini_moat,
          kennysheep_orc_monster_closet_entryway, minivault_15,
          lightli_wizard_tower
D:11:     layout_irregular_city

Skill      XL: |  1  2  3  4  5  6  7  8  9 10 11 12 |
---------------+-------------------------------------+-----
Fighting       | 1 2 3 4 5 7 9 10 11 12 | 12.7
Spellcasting   | 3 4 5 6 7 8 9 10 | 10.3
Short Blades   | 1 4 7 |  7.2
Dodging        | 5 |  5.0
Armour         | 2 |  2.5
Stealth        | |  1.5

Action                   |  1- 3 |  4- 6 |  7- 9 | 10-12 || total
-------------------------+-------+-------+-------+-------++-------
Melee: Short sword       |     4 |     7 |     1 |       ||    12
       Flail             |       |       |     2 |       ||     2
       Dagger            |       |       |       |    69 ||    69
 Cast: Foxfire           |    57 |    46 |    70 |    85 ||   258
       Scorch            |     4 |    39 |    44 |   107 ||   194
       Flame Wave        |       |       |    10 |    36 ||    46
       Kindle Blastspark |       |       |     2 |    40 ||    42
       Blink             |       |       |     2 |     6 ||     8
       Sticky Flame      |       |       |     2 |    14 ||    16
       Beastly Appendage |       |       |       |     1 ||     1
       Freezing Cloud    |       |       |       |     9 ||     9
       Teleport Other    |       |       |       |     2 ||     2
Evoke: Wand              |       |       |       |     5 ||     5
  Use: Scroll            |     1 |    16 |     1 |    14 ||    32
       Potion            |       |       |     2 |     3 ||     5
 Stab: Sleeping          |       |       |     1 |     1 ||     2
       Distracted        |       |       |       |     1 ||     1
Armor: Robe              |     3 |     8 |    21 |    42 ||    74
Dodge: Dodged            |     6 |    24 |    39 |   159 ||   228
Block: Other             |       |     2 |    22 |    68 ||    92
       Reflection        |       |       |     2 |     6 ||     8

Table legend: (Time is in decaauts)
 A = Elapsed time spent in this place.
 B = Non-inter-level travel time spent in this place.
 C = Inter-level travel time spent in this place.
 D = Time resting spent in this place.
 E = Time spent auto-exploring this place.
 F = Levels seen in this place.
 G = Mean time per level.
                   A        B        C        D        E       F      G
               +--------+--------+--------+--------+--------+-----+--------+
         Total |  13515 |  12987 |    528 |   3497 |   7092 |  11 | 1228.6 |
       Dungeon |  13515 |  12987 |    528 |   3497 |   7092 |  11 | 1228.6 |
               +--------+--------+--------+--------+--------+-----+--------+

Top non-repeatable levels by time:
     D:9: 2087 daAuts
    D:10: 2062 daAuts
     D:6: 1744 daAuts
     D:7: 1549 daAuts
     D:8: 1511 daAuts
     D:4: 1195 daAuts
     D:1: 883 daAuts
     D:5: 812 daAuts
     D:2: 730 daAuts
     D:3: 652 daAuts
    D:11: 286 daAuts
